 Dungeon Crawl Stone Soup version 0.32-a0-433-g08bcfe7efd (webtiles) character file.

Game seed: 11046997219952623672

34 night the Vexing (level 3, -2/26 HPs)
             Began as a Coglin Hexslinger on Feb 22, 2024.
             Slain by a gnoll
             ... wielding a +0 spear
              (7 damage)
             ... on level 2 of the Dungeon.
             The game lasted 00:02:46 (1008 turns).

night the Vexing (Coglin Hexslinger)                Turns: 1008, Time: 00:02:46

Health: -2/26      AC:  2    Str:  8    XL:     3   Next: 31%
Magic:  4/4        EV: 12    Int: 12    God:
Gold:   103        SH:  0    Dex: 18    Spells: 4/4 levels left

rFire   . . .        a - +1 sling {Annika}
rCold   . . .        (no shield)
rNeg    . . .        c - +0 robe
rPois   .            (no helmet)
rElec   .            (no cloak)
rCorr   .            (no gloves)
SInv    .            (no boots)
Will    .....        (no amulet)
Stlth   ++           (no ring)
HPRegen 0.24/turn    (no ring)
MPRegen 0.09/turn

%: no passive effects
@: attractive, immotile, revved
A: off-hand wielding, slow wielding, warmup strikes, legs shutdown
a: no special abilities


You were on level 2 of the Dungeon.
You visited 1 branch of the dungeon, and saw 2 of its levels.

You collected 103 gold pieces.

Inventory:

Hand Weapons
 a - a +1 sling (weapon) {Annika}
 n - a +0 sling
Missiles
 f - 9 stones
 k - 4 javelins
 m - 6 poisoned darts
Armour
 c - a +0 robe (worn)
Jewellery
 l - the ring of Juith {rPois rF++}
   (You found it on level 2 of the Dungeon)

   [ring of poison resistance]

   rF++:      It greatly protects you from fire.
   rPois:     It protects you from poison
Scrolls
 b - a scroll of poison
 d - a scroll of vulnerability {unknown}
 g - a scroll of blinking {unknown}
 h - a scroll of identify {unknown}
 j - 2 scrolls of teleportation {unknown}
Potions
 i - a potion of enlightenment {unknown}


   Skills:
 + Level 1.3 Fighting
 * Level 2.4 Ranged Weapons
 + Level 2.1 Dodging
 + Level 1.2 Spellcasting
 + Level 2.9 Hexes
 - Level 0.8 Fire Magic


You had 4 spell levels left.
You didn't know any spells.
Your spell library contained the following spells:

 Spells                   Type           Power      Damage    Failure   Level
 Jinxbite                 Hex            14%        N/A       13%         2
 Sigil of Binding         Hex            7%         N/A       26%         3
 Inner Flame              Hex/Fire       5%         N/A       38%         3
 Ozocubu's Armour         Ice            0%         N/A       65%         3
 Cause Fear               Hex            3%         N/A       65%         4
 Dimensional Bullseye     Hex/Tloc       2%         N/A       85%         4
 Metabolic Englaciation   Hex/Ice        2%         N/A       99%         5
 Sculpt Simulacrum        Ice/Alch       0%         N/A       100%        6


Dungeon Overview and Level Annotations

Branches:
Dungeon (2/15)

Altars:


Innate Abilities, Weirdness & Mutations

You can wield a second weapon in your off-hand.
It takes a long time for you to wield or remove held weapons.
Your first few attacks do less damage.
Attacking and casting redirects power from your legs.


Message History

You kill the gnoll!
You start resting.
HP restored.
You now have 103 gold pieces (gained 16).
Found a sling.
m - 6 poisoned darts The gnoll shouts!
You see here a +0 sling.
The gnoll shouts!
You see here a +0 sling.
n - a +0 sling You aren't carrying any items that you can evoke.
It was a potion of attraction.
You feel attractive to monsters. The gnoll is attracted toward you. x2
You shoot a sling bullet. The sling bullet hits the gnoll.
The gnoll is lightly wounded.
The gnoll hits you with a +0 flail.
The gnoll hits you from afar with a +0 spear.
You shoot a sling bullet.
The sling bullet hits the gnoll but does no damage.
The gnoll is lightly wounded.
The gnoll closely misses you. The gnoll is attracted toward you.
You shoot a sling bullet. The sling bullet hits the gnoll.
The gnoll is moderately wounded.
The gnoll hits you with a +0 flail. The gnoll closely misses you.
The gnoll barely misses you.
You shoot a sling bullet.
The sling bullet closely misses the gnoll.
The gnoll barely misses you. The gnoll completely misses you.
The gnoll hits you with a +0 spear.
* * * LOW HITPOINT WARNING * * *
You shoot a sling bullet. The sling bullet hits the gnoll!
The gnoll is almost dead.
The gnoll misses you. The gnoll hits you with a +0 spear.
* * * LOW HITPOINT WARNING * * *
You shoot a sling bullet.
The sling bullet closely misses the gnoll.
The gnoll hits you but does no damage. The gnoll hits you with a +0 spear!
You die...

###
#..#...#....############.
##.#...#.#..# #.
...†.#......# #.
.......#.##.### #.
#.......#.#....# #.
#...>.#...#..#.#### #.
#.....#...........# #.
#............g....#
..###.....g@....#
#...........#
#...........#
~P............#
~P.............#
♣P~P............#
♣P~.............#
♣~~P...##########


You could see 2 gnolls.

Vanquished Creatures
  A gnoll (D:2)
  A dart slug (D:1)
  An endoplasm (D:1)
  2 giant cockroaches
  A goblin (D:2)
  2 hobgoblins (D:1)
  6 jackals
  3 quokkas (D:1)
  A ball python (D:2)
  A kobold (D:2)
19 creatures vanquished.

Notes
Turn   | Place    | Note
-------+----------+-------------------------------------------
     0 | D:1      | night the Coglin Hexslinger began the quest for the Orb.
     0 | D:1      | Reached XP level 1. HP: 15/15 MP: 2/2
   190 | D:1      | Reached skill level 2 in Ranged Weapons
   203 | D:1      | Reached XP level 2. HP: 21/21 MP: 3/3
   325 | D:1      | Reached skill level 2 in Dodging
   627 | D:1      | Found a faded altar of an unknown god.
   766 | D:2      | Reached XP level 3. HP: 13/26 MP: 4/4
   831 | D:2      | Identified the ring of Juith {rPois rF++}
  1008 | D:2      | Slain by a gnoll

Illustrated notes

Levels and vault maps discovered:
D:1:      evilmike_arrival_rings, layout_rooms,
          shapermc_ecumenical_altar_hornbeckon
D:2:      layout_basic, serial_bayou_pond_c

Skill      XL: |  1  2 |
---------------+-------+-----
Ranged Weapons | 2 |  2.4
Dodging        | 2 |  2.1
Fighting       | |  1.3
Spellcasting   | |  1.2
Hexes          | |  2.9
Fire Magic     | |  0.8

Action                     || total
---------------------------++-------
   Fire: Sling             ||    79
    Use: Potion            ||     1
 Armour: Robe              ||    39
  Dodge: Dodged            ||    56

Table legend: (Time is in decaauts)
 A = Elapsed time spent in this place.
 B = Non-inter-level travel time spent in this place.
 C = Inter-level travel time spent in this place.
 D = Time resting spent in this place.
 E = Time spent auto-exploring this place.
 F = Levels seen in this place.
 G = Mean time per level.
                   A        B        C        D        E       F      G
               +--------+--------+--------+--------+--------+-----+--------+
         Total |   1034 |    989 |     45 |     77 |    731 |   2 |  517.0 |
       Dungeon |   1034 |    989 |     45 |     77 |    731 |   2 |  517.0 |
               +--------+--------+--------+--------+--------+-----+--------+

Top non-repeatable levels by time:
     D:1: 686 daAuts
     D:2: 348 daAuts
